 Dungeon Crawl Stone Soup version 0.30-a0-322-g102857c98e (webtiles) character file.

Game seed: 12367573221438344063

6 Estrix the Ruffian (level 1, -19/33 HPs)
             Began as a Troll Berserker on Oct 27, 2022.
             Was a Follower of Trog.
             Demolished by a kobold
             ... wielding a +3 whip of electrocution
              (20 damage)
             ... on level 1 of the Dungeon.
             The game lasted 00:00:31 (67 turns).

Estrix the Ruffian (Troll Berserker)                  Turns: 67, Time: 00:00:32

Health: -19/33     AC:  4    Str: 24    XL:     1   Next: 75%
Magic:  0/0        EV: 10    Int:  3    God:    Trog [*.....]
Gold:   5          SH:  0    Dex:  9    Spells: 0/0 levels left

rFire   . . .      SeeInvis .      - Unarmed
rCold   . . .      Faith    .    (no shield)
rNeg    . . .      Spirit   .    a - +0 animal skin
rPois   .          Reflect  .    (helmet restricted)
rElec   .          Harm     .    (no cloak)
rCorr   .          Rampage  .    (gloves unavailable)
Will    .....                    (boots unavailable)
Stlth   ..........               (no amulet)
HPRegen 1.05/turn                (no ring)
MPRegen 0.07/turn                (no ring)

@: berserking, very quick
A: large, unfitting armour, claws 3, regeneration 1, shaggy fur 1, tough skin 1
a: Renounce Religion, Berserk


You were on level 1 of the Dungeon.
You worshipped Trog.
Trog was aware of your devotion.
You visited 1 branch of the dungeon, and saw 1 of its levels.

You collected 5 gold pieces.

Inventory:

Armour
 a - a +0 animal skin (worn)
Potions
 b - a potion of heal wounds {unknown}


   Skills:
 + Level 2.5 Fighting
 + Level 2.5 Dodging
 + Level 3.1 Unarmed Combat


You couldn't memorise any spells.
You didn't know any spells.
Your spell library was empty.

Dungeon Overview and Level Annotations

Branches:
Dungeon (1/15)

Altars:


Innate Abilities, Weirdness & Mutations

You are too large for most types of armour.
You have claws for hands.
Your natural rate of healing is unusually fast.
You are covered in fur. (AC +1)
You have tough skin. (AC +1)


Message History

There is a faded altar of an unknown god here.
Found an amethyst potion.
The rat closely misses you.
You claw the rat!
You kill the rat!
Trog accepts your kill.
Things that are here:
a +0 sling; a rat corpse A frilled lizard comes into view.
The frilled lizard hisses angrily.
You hear a shout! x2
A kobold comes into view.
It is wielding a +3 whip of electrocution.
The frilled lizard moves out of view.
A frilled lizard comes into view.
The frilled lizard hisses angrily.
You hear a shout!
A goblin comes into view. It is wielding a +0 dagger.
A kobold comes into view. It is wielding a +2 dagger of venom.
A rat comes into view.
Found a scroll labelled NUUGGA GUTZUGU.
The frilled lizard bites you. The kobold attacks as you move away!
The kobold hits you with a +3 whip of electrocution.
You are electrocuted!
Ouch! That really hurt!
* * * LOW HITPOINT WARNING * * *
The frilled lizard attacks as you move away!
The frilled lizard bites you.
* * * LOW HITPOINT WARNING * * *
A red film seems to cover your vision as you go berserk!
You feel yourself moving faster!
You feel mighty! The kobold barely misses you.
You barely miss the kobold.
The kobold hits you with a +3 whip of electrocution.
* * * LOW HITPOINT WARNING * * *
You closely miss the kobold. You barely miss the kobold.
The kobold hits you with a +3 whip of electrocution.
* * * LOW HITPOINT WARNING * * *
You closely miss the kobold.
The kobold hits you with a +3 whip of electrocution.
* * * LOW HITPOINT WARNING * * *
You are electrocuted!!
Ouch! That really hurt!
You die...

#.##...#..P..P...####
...#...#..♣P♣P♣.....
.8.#.......♣..♣..#
...#...#.P.._♣...#
#..##..♣♣♣.P..# #...
#..♣P.PP).# ...
.....P.....# ..
####.......##
####.##@# ####.##K###
......Kll.#
......rg..#
..........#
............
............#
.........##...
.........# ####


You could see a goblin, 2 kobolds, 2 frilled lizards and a rat.

Vanquished Creatures
  3 jackals (D:1)
  A bat (D:1)
  2 rats (D:1)
6 creatures vanquished.

Notes
Turn   | Place    | Note
-------+----------+-------------------------------------------
     0 | D:1      | Estrix the Troll Berserker began the quest for the Orb.
     0 | D:1      | Reached XP level 1. HP: 22/22 MP: 0/0
    35 | D:1      | Found a faded altar of an unknown god.
    67 | D:1      | HP: 1/33 [kobold/+3 whip of electrocution (5)]
    67 | D:1      | Demolished by a kobold

Illustrated notes

Levels and vault maps discovered:
D:1:      minmay_arrival_nine_rooms, layout_rooms,
          dreamdust_ecumenical_altar_grove, minmay_close_crescents

Action                   || total
-------------------------++-------
Melee: Unarmed           ||    13
Invok: Berserk           ||     1
Armor: Animal skin       ||     2
Dodge: Dodged            ||    13

Table legend: (Time is in decaauts)
 A = Elapsed time spent in this place.
 B = Non-inter-level travel time spent in this place.
 C = Inter-level travel time spent in this place.
 D = Time resting spent in this place.
 E = Time spent auto-exploring this place.
 F = Levels seen in this place.
 G = Mean time per level.
                   A        B        C        D        E       F      G
               +--------+--------+--------+--------+--------+-----+--------+
         Total |     65 |     65 |      0 |      0 |     20 |   1 |   65.0 |
       Dungeon |     65 |     65 |      0 |      0 |     20 |   1 |   65.0 |
               +--------+--------+--------+--------+--------+-----+--------+

Top non-repeatable levels by time:
     D:1: 65 daAuts
